 Dungeon Crawl Stone Soup version 0.25-a0-975-gcae8493d64 (webtiles) character file.

Game seed: 9509717647333645072, levelgen mode: deterministic

246 Flugslaktarn the Chopper (level 5, -5/47 HPs)
             Began as a Minotaur Fighter on May 9, 2020.
             Slain by an orc warrior
             ... wielding a +0 battleaxe
              (16 damage)
             ... on level 4 of the Dungeon.
             The game lasted 00:00:36 (1272 turns).

Flugslaktarn the Chopper (Minotaur Fighter)         Turns: 1272, Time: 00:00:37

Health: -5/47      AC:  8    Str: 20    XL:     5   Next: 84%
Magic:  4/4        EV:  7    Int:  5    God:
Gold:   91         SH:  9    Dex: 11    Spells: 4/4 levels left

rFire    . . .     SeeInvis .   a - +0 war axe
rCold    . . .     Gourm    .   c - +0 kite shield
rNeg     . . .     Faith    .   b - +0 scale mail
rPois    .         Spirit   .   (helmet restricted)
rElec    .         Reflect  .   (no cloak)
rCorr    .         Harm     .   (no gloves)
MR       .....                  f - +0 pair of boots
Stlth    ..........             (no amulet)
HPRegen  0.15/turn              (no ring)
MPRegen  0.09/turn              (no ring)

@: mighty
A: retaliatory headbutt, horns 2
a: no special abilities


You were on level 4 of the Dungeon.
You were very hungry.

You visited 1 branch of the dungeon, and saw 4 of its levels.

You collected 91 gold pieces.

Inventory:

Hand Weapons
 a - a +0 war axe (weapon)
Armour
 b - a +0 scale mail (worn)
 c - a +0 kite shield (worn)
 f - a +0 pair of boots (worn)
   (You found it on level 1 of the Dungeon)
Wands
 l - a wand of acid (3)
   (You found it on level 4 of the Dungeon)
Scrolls
 h - a scroll of immolation {unknown}
 i - a scroll of remove curse {unknown}
 k - a scroll of amnesia {unknown}
Potions
 d - a potion of might
 j - a potion of flight {unknown}
Comestibles
 e - 3 rations


   Skills:
 + Level 4.8 Fighting
 * Level 5.0 Axes
 + Level 4.8 Armour
 + Level 4.8 Shields


You had 4 spell levels left.
You didn't know any spells.
Your spell library was empty.

Dungeon Overview and Level Annotations

Branches:
Dungeon (4/15)             Temple (0/1) D:4

Altars:


Innate Abilities, Weirdness & Mutations

You reflexively headbutt those who attack you in melee.
You have a pair of horns on your head.


Message History

The orc wizard seems to speed up.
You slash the orc wizard!
You kill the orc wizard!
Your Axes skill increases to level 5!
The orc throws a boomerang.
You block the boomerang.
The weapon returns to the orc!
Your shield prevents you from hitting the orc warrior.
The orc warrior is moderately wounded.
The orc warrior hits you with a +0 battleaxe.
* * * LOW HITPOINT WARNING * * *
You are too injured to fight recklessly!
You are too injured to fight recklessly!
You are too injured to fight recklessly!
You completely miss the orc warrior.
The orc warrior is moderately wounded.
The orc warrior closely misses you.
You hit the orc warrior but do no damage.
The orc warrior is moderately wounded.
The orc warrior hits you with a +0 battleaxe!
You die...

##### ##.#.#### #..<.....
#........ ####
####.......# ..#
#...#....... ###+###.#
#####...#.......
#.....#.###.##....#.......
#.⌠.⌠.#oo@........##......
+..>..'.##.....#....(.....
#.⌠$⌠)#####...##..##.....#
#..... #...#######.....#
###+## ###...# #......#
### #...# ##......
#..##...####..)....
####.....#.#....)#..[.
.........#......).....


You could see an orc warrior and an orc.

Vanquished Creatures
  4 orc wizards (D:4)
  2 worker ants (D:4)
  A hound skeleton (D:4)
  A howler monkey skeleton (D:4)
  An adder (D:3)
  3 oozes
  A dart slug (D:2)
  A worm (D:2)
  10 orcs (D:4)
  2 goblins
  4 jackals (D:2)
  A quokka (D:3)
  2 frilled lizards (D:1)
  3 kobolds
  A quokka skeleton (D:4)
  2 rats (D:1)
39 creatures vanquished.

Notes
Turn   | Place    | Note
-------+----------+-------------------------------------------
     0 | D:1      | Flugslaktarn the Minotaur Fighter began the quest for the
                  | Orb.
     0 | D:1      | Reached XP level 1. HP: 19/19 MP: 0/0
   237 | D:1      | Reached XP level 2. HP: 27/27 MP: 1/1
   265 | D:1      | Reached skill level 3 in Axes
   289 | D:2      | Reached XP level 3. HP: 16/33 MP: 2/2
   679 | D:4      | Reached XP level 4. HP: 11/40 MP: 3/3
   918 | D:4      | Reached skill level 4 in Axes
   921 | D:4      | Reached XP level 5. HP: 39/47 MP: 4/4
  1258 | D:4      | Found a staircase to the Ecumenical Temple.
  1258 | D:4      | Noticed an orc warrior
  1269 | D:4      | Reached skill level 5 in Axes
  1272 | D:4      | Slain by an orc warrior

Illustrated notes

Levels and vault maps discovered:
D:1:      onia_arrival_pyramid, layout_rooms
D:2:      layout_loops_ring, lemuel_coloured_pillars_altar
D:3:      layout_loops_cross, first_ration
D:4:      layout_cave_pools, minitemple, minmay_temple_entry_hall

Skill      XL: |  1  2  3  4  5 |
---------------+----------------+-----
Axes           | 3 4 5 |  5.0
Armour         | 4 |  4.8
Shields        | 4 |  4.8
Fighting       | 4 |  4.8

Action                   |  1- 3 |  4- 6 || total
-------------------------+-------+-------++-------
Melee: War axe           |    74 |    42 ||   116
       Headbutt          |     9 |     5 ||    14
  Use: Potion            |       |     2 ||     2
Armor: Scale mail        |    30 |    25 ||    55
Dodge: Dodged            |    25 |    16 ||    41
Block: Kite shield       |    39 |    26 ||    65

Table legend:
 A = Non-vault XP
 B = Vault XP
 C = Vault XP percentage of total XP
 D = Non-vault monster count
 E = Vault monster count
 F = Vault count percentage of total count
                 A         B        C        D         E       F
            +---------+---------+-------+---------+---------+-------
      Total |     352 |       0 |   0.0 |      39 |       0 |   0.0
            +---------+---------+-------+---------+---------+-------
        D:1 |      23 |       0 |   0.0 |       9 |       0 |   0.0
        D:2 |      19 |       0 |   0.0 |       8 |       0 |   0.0
        D:3 |      15 |       0 |   0.0 |       2 |       0 |   0.0
        D:4 |     295 |       0 |   0.0 |      20 |       0 |   0.0
            +---------+---------+-------+---------+---------+-------
